 Dungeon Crawl Stone Soup version 0.31-a0-7-g51783674b7 (webtiles) character file.

Game seed: 11300436285374401404

3087 BubbleThief the Fighter (level 9, -2/81 HPs)
             Began as a Barachi Ice Elementalist on May 6, 2023.
             Was a Follower of Vehumet.
             Slain by Pikel
             ... wielding a +1 whip of electrocution
              (16 damage)
             ... on level 8 of the Dungeon.
             The game lasted 00:15:23 (7249 turns).

BubbleThief the Fighter (Barachi Ice Elementalist)  Turns: 7249, Time: 00:15:23

Health: -2/81      AC:  7    Str: 15    XL:     9   Next: 89%
Magic:  13/18      EV: 11    Int: 21    God:    Vehumet [*.....]
Gold:   469        SH:  0    Dex: 12    Spells: 9/20 levels left

rFire   . . .        m - +2 whip (flame)
rCold   . . .        (no shield)
rNeg    . . .        F - +0 acid dragon scales
rPois   .            (no helmet)
rElec   .            q - +0 cloak
rCorr   +            (no gloves)
SInv    .            (no boots)
Will    .....        (no amulet)
Stlth   +            f - +6 ring of strength
HPRegen 0.33/turn    h - +4 ring of slaying
MPRegen 0.16/turn

%: no passive effects
@: unable to hop, slow
A: amphibious, slowness 1, strong legs 1, +LOS
a: Hop, Renounce Religion


You were on level 8 of the Dungeon.
You worshipped Vehumet.
Vehumet was aware of your devotion.
You visited 2 branches of the dungeon, and saw 9 of its levels.
You also visited: Ossuary.

You collected 469 gold pieces.

Inventory:

Hand Weapons
 m - a +2 whip of flaming (weapon)
 o - a +0 dagger of venom
Armour
 p - a +1 robe of positive energy
 q - a +0 cloak (worn)
 F - +0 acid dragon scales (worn)
Jewellery
 d - a ring of protection from cold
 f - a +6 ring of strength (left hand)
 h - a +4 ring of slaying (right hand)
 B - a ring of wizardry
Wands
 i - a wand of roots (9)
 t - a wand of acid (8)
 u - a wand of flame (3)
 z - a wand of polymorph (13)
 H - a wand of mindburst (21)
Scrolls
 e - a scroll of fear
 j - a scroll of enchant armour
 k - 3 scrolls of teleportation
 x - 2 scrolls of blinking {unknown}
 y - 2 scrolls of silence {unknown}
 A - a scroll of fog {unknown}
 C - a scroll of enchant weapon {unknown}
 D - a scroll of summoning {unknown}
 E - 3 scrolls of identify {unknown}
 G - a scroll of amnesia {unknown}
 J - a scroll of torment {unknown}
Potions
 a - a potion of lignification {unknown}
 b - 2 potions of magic
 c - 3 potions of invisibility {unknown}
 g - 3 potions of might {unknown}
 l - 2 potions of heal wounds {unknown}
 n - 3 potions of berserk rage {unknown}
 s - 2 potions of curing
 v - a potion of haste {unknown}
 w - 2 potions of degeneration {unknown}
 I - a potion of experience {unknown}


   Skills:
 + Level 11.5 Fighting
 - Level 2.1 Dodging
 - Level 1.7 Stealth
 + Level 6.2 Spellcasting
 + Level 9.9 Ice Magic


You had 9 spell levels left.
You knew the following spells:

 Your Spells              Type           Power      Damage    Failure   Level
a - Freeze                Ice            100%       1d10      1%          1
b - Frozen Ramparts       Ice            96%        1d15      1%          3
c - Ozocubu's Armour      Ice            48%        N/A       1%          3
d - Summon Ice Beast      Ice/Summ       27%        N/A       17%         4

Your spell library contained the following spells:

 Spells                   Type           Power      Damage    Failure   Level
 Kiss of Death            Conj/Necr      24%        2d7       14%         1
 Shock                    Conj/Air       24%        1d4       14%         1
 Cigotuvi's Dreadful Rot  Necr/Pois/Air  12%        N/A       21%         2
 Swiftness                Air            6%         N/A       38%         3
 Airstrike                Air            3%         2d(1-17)  80%         4
 Dispel Undead            Necr           6%         3d8       80%         4
 Death Channel            Necr           3%         N/A       100%        6


Dungeon Overview and Level Annotations

Branches:
Dungeon (8/15)             Temple (1/1) D:5         Ossuary (visited)
   Lair: D:8-11

Altars:
Cheibriados
Dithmenos
Elyvilon
Fedhas
Gozag
Hepliaklqana
Kikubaaqudgha
Makhleb
Nemelex Xobeh
Okawaru
Qazlal
Ru
Uskayaw
Vehumet
Wu Jian
Xom
Zin
The Shining One

Annotations:
D:8 Maurice, Pikel


Innate Abilities, Weirdness & Mutations

You are amphibious.
You cover ground slowly.
You can hop short distances.
You have an extended range of vision and can be seen from far away.


Message History

The wall freezes the goblin!
You kill the goblin!
Vehumet accepts your kill.
The wall freezes Maurice!
Maurice hits you but does no damage.
A goblin comes into view. It is wielding a +0 spear.
Unknown command.
You closely miss Maurice.
Maurice is almost dead.
The wall freezes Maurice but does no damage.
Maurice drinks a potion.
Maurice is healed!
Unknown command.
Unknown command.
Hop to where?
Press: ? - help, Dir - move target, p - centaur Your icy armour and frozen ramparts will break if you move.
Continue?
Okay, then.
Hop to where?
Press: ? - help, Dir - move target, f - you
Okay, then.
Hop to where?
Press: ? - help, Dir - move target Your icy armour and frozen ramparts will break if you move.
Continue?
Your icy armour cracks and falls away as you move.
The frozen ramparts melt away as you move.
Boing!
Maurice drinks a potion.
Maurice is healed!
Unknown command.
Pikel attacks as you move away!
Pikel hits you with a +1 whip of electrocution.
You are electrocuted!!
* * * LOW HITPOINT WARNING * * *
Pikel closely misses you.
You feel better.
The centaur unwields a +0 shortbow.
The centaur barely misses you.
The centaur kicks you but does no damage.
The goblin hits you from afar with a +0 spear.
* * * LOW HITPOINT WARNING * * *
Pikel hits you with a +1 whip of electrocution.
* * * LOW HITPOINT WARNING * * *
You are electrocuted!
You die...

#~.###...#........
#~.#...<.#....#.###
####~.#.###.#.........
~~~~.'.........##....
....#.#...#.#.......
#.###...#.....###.#.#...
#.).†gg.#.#..<#.....# .
#####@cK#<#)..#.###...#
###@#.....#.# .###
#.#.....†.# #
#.#####.#####.#
#...............
######.######.## #.# #.#
#.# #.#


You could see Maurice (swift), Pikel, a centaur and 2 goblins.

Vanquished Creatures
  Maggie (D:7)
  Menkaure (D:5)
  Edmund (D:5)
  An orc warrior (D:7)
  2 water moccasins
  A sky beast (D:6)
  Duvessa (D:5)
  2 ogres (D:5)
  2 ice beasts
  A centaur (D:5)
  4 lemures (D:8)
  A phantom (D:7)
  5 bullfrogs
  A kobold brigand (D:7)
  2 elf zombies (Ossuary)
  A scorpion (D:6)
  Dowan (D:5)
  2 howler monkeys (D:8)
  5 hounds
  An orc priest (D:4)
  A gnoll bouda (D:5)
  Jessica (D:3)
  Terence (D:3)
  3 iguanas (D:5)
  2 orc wizards
  Natasha (thrice) (D:3)
  4 mummies (Ossuary)
  15 gnolls
  9 adders
  A shadow imp (D:6)
  A white imp (D:7)
  5 ufetubi
  An adder zombie (Ossuary)
  A dart slug (D:3)
  17 orcs
  3 bats
  5 endoplasms
  5 giant cockroaches
  11 goblins
  4 hobgoblins
  7 kobolds
  2 quokkas (D:2)
  5 ball pythons
  2 frilled lizards (D:1)
  A goblin zombie (Ossuary)
  3 hobgoblin zombies (Ossuary)
  A jackal zombie (Ossuary)
  3 kobold zombies (Ossuary)
  An orc zombie (Ossuary)
  5 rats
  A butterfly (D:5)
160 creatures vanquished.

Vanquished Creatures (others)
  A human (D:4)
  3 fungi (D:5)
  14 plants (D:2)
18 creatures vanquished.

Grand Total: 178 creatures vanquished

Notes
Turn   | Place    | Note
-------+----------+-------------------------------------------
     0 | D:1      | BubbleThief the Barachi Ice Elementalist began the quest
                  | for the Orb.
     0 | D:1      | Reached XP level 1. HP: 13/13 MP: 3/3
   137 | D:1      | Reached skill level 5 in Ice Magic
   211 | D:1      | Reached XP level 2. HP: 19/19 MP: 0/5
   777 | D:2      | Reached XP level 3. HP: 24/24 MP: 4/7
   781 | D:2      | Learned a level 3 spell: Frozen Ramparts
   785 | D:2      | Learned a level 3 spell: Ozocubu's Armour
  1009 | D:2      | Reached XP level 4. HP: 30/30 MP: 6/8
  1509 | D:3      | Noticed Jessica
  1515 | D:3      | Reached XP level 5. HP: 16/35 MP: 2/10
  1595 | D:3      | Killed Jessica
  1938 | D:3      | Noticed Natasha
  1944 | D:3      | Killed Natasha
  1945 | D:3      | Found a faded altar of an unknown god.
  2007 | D:3      | Noticed Natasha
  2013 | D:3      | Killed Natasha
  2014 | D:3      | Reached XP level 6. HP: 35/41 MP: 7/11
  2050 | D:3      | Noticed Terence
  2054 | D:3      | Killed Terence
  2402 | D:3      | Noticed Natasha
  2409 | D:3      | Killed Natasha
  2839 | D:4      | You fall into a shaft and drop 2 floors!
  2851 | D:6      | Reached XP level 7. HP: 47/47 MP: 9/13
  2881 | D:5      | Entered Level 5 of the Dungeon
  2887 | D:5      | Reached skill level 1 in Fighting
  2888 | D:5      | Reached skill level 2 in Fighting
  2889 | D:5      | Reached skill level 3 in Fighting
  2906 | D:5      | Found a staircase to the Ecumenical Temple.
  2911 | D:5      | Noticed Menkaure
  2916 | D:5      | Killed Menkaure
  2917 | D:5      | Reached skill level 5 in Fighting
  3122 | D:5      | Found a shimmering altar of Xom.
  3122 | D:5      | Noticed Duvessa
  3122 | D:5      | Noticed Dowan
  3129 | D:5      | Killed Duvessa
  3130 | D:5      | Reached skill level 6 in Fighting
  3130 | D:5      | Reached XP level 8. HP: 59/65 MP: 7/14
  3133 | D:5      | Killed Dowan
  3139 | D:5      | Found a sand-covered staircase.
  3144 | Ossuary  | Entered an ossuary
  3170 | Ossuary  | Reached skill level 7 in Fighting
  3619 | D:5      | Reached skill level 8 in Fighting
  3628 | D:5      | Found a shadowy altar of Dithmenos.
  4124 | D:5      | Reached skill level 9 in Fighting
  4375 | D:5      | Noticed Edmund
  4382 | D:5      | Killed Edmund
  4560 | D:4      | Found an ancient bone altar of Kikubaaqudgha.
  5000 | Temple   | Entered the Ecumenical Temple
  5039 | Temple   | Became a worshipper of Vehumet
  5143 | D:6      | Reached skill level 10 in Fighting
  5143 | D:6      | Reached XP level 9. HP: 79/79 MP: 8/15
  5148 | D:6      | Learned a level 4 spell: Summon Ice Beast
  5573 | D:6      | Reached skill level 5 in Spellcasting
  5970 | D:7      | Noticed Maggie
  5989 | D:7      | Killed Maggie
  6077 | D:7      | Reached skill level 11 in Fighting
  6078 | D:7      | Reached * piety under Vehumet
  6078 | D:7      | Offered knowledge of Kiss of Death by Vehumet.
  6514 | D:7      | Found an ornate altar of the Wu Jian Council.
  6517 | D:7      | Found a white marble altar of Elyvilon.
  6520 | D:7      | Found a glowing silver altar of Zin.
  6523 | D:7      | Found a snail-covered altar of Cheibriados.
  6599 | D:7      | Found a hide-covered altar of Uskayaw.
  7175 | D:8      | Noticed Pikel
  7237 | D:8      | Noticed Maurice
  7249 | D:8      | Slain by Pikel

Illustrated notes

Levels and vault maps discovered:
D:1:      elethiomel_arrival_infinity_welcomes_careful_drivers, layout_rooms,
          chequers_serial_rivers_micro_b
D:2:      layout_rooms, nicolae_grassy_gnolls
D:3:      layout_loops_ring, ebering_ecumenical_altar_petrified, uniq_jessica,
          uniq_terence, uniq_natasha
D:4:      layout_basic, tgw_kikubaaqudgha, kennysheep_generic_room_4
D:5:      layout_basic, mainiacjoe_overflow_cross_hatched, xom_butterflies,
          minmay_temple_entry_junction_2, enter_ossuary_5, uniq_menkaure,
          uniq_edmund, uniq_duvessa
D:6:      layout_loops_ring
D:7:      layout_basic, grunt_temple_overflow_cloverleaf,
          nicolae_uskayaw_dance_studio, serial_curves, eino_curves_02,
          eino_curves_04, uniq_maggie
D:8:      nicolae_cairo_tiling_large_dashed, layout_basic, enter_bailey_3,
          grunt_decor_junction, uniq_erica, uniq_pikel, uniq_maurice
Temple:   nicolae_temple_hex_pool

Skill      XL: |  1  2  3  4  5  6  7  8  9 |
---------------+----------------------------+-----
Ice Magic      | 5 6 7 8 9 |  9.9
Spellcasting   | 3 4 6 |  6.2
Fighting       | 6 10 11 | 11.5
Dodging        | |  2.1
Stealth        | |  1.7

Action                     |  1- 3 |  4- 6 |  7- 9 || total
---------------------------+-------+-------+-------++-------
  Melee: Unarmed           |    16 |       |       ||    16
         Whip              |       |    49 |   214 ||   263
         Punch             |       |       |     6 ||     6
   Cast: Freeze            |    29 |    16 |     4 ||    49
         Frozen Ramparts   |     1 |    18 |    34 ||    53
         Ozocubu's Armour  |       |     5 |    15 ||    20
Ability: Hop               |     1 |     1 |     2 ||     4
  Evoke: Wand              |       |       |     1 ||     1
    Use: Scroll            |       |       |     7 ||     7
         Potion            |       |       |     1 ||     1
   Stab: Sleeping          |       |     1 |     2 ||     3
 Armour: Robe              |     8 |    14 |    46 ||    68
         Acid dragon scale |       |       |    32 ||    32
  Dodge: Dodged            |    20 |    42 |    97 ||   159

Table legend: (Time is in decaauts)
 A = Elapsed time spent in this place.
 B = Non-inter-level travel time spent in this place.
 C = Inter-level travel time spent in this place.
 D = Time resting spent in this place.
 E = Time spent auto-exploring this place.
 F = Levels seen in this place.
 G = Mean time per level.
                   A        B        C        D        E       F      G
               +--------+--------+--------+--------+--------+-----+--------+
         Total |   8139 |   7665 |    474 |    361 |   5937 |  10 |  813.9 |
       Dungeon |   7583 |   7133 |    450 |    337 |   5579 |   8 |  947.9 |
        Temple |     72 |     48 |     24 |      0 |     34 |   1 |   72.0 |
       Ossuary |    483 |    483 |      0 |     24 |    323 |   1 |  483.0 |
               +--------+--------+--------+--------+--------+-----+--------+

Top non-repeatable levels by time:
     D:5: 1440 daAuts
     D:7: 1358 daAuts
     D:3: 1179 daAuts
     D:6: 1046 daAuts
     D:1: 882 daAuts
     D:2: 801 daAuts
     D:4: 768 daAuts
 Ossuary: 483 daAuts
     D:8: 106 daAuts
  Temple: 72 daAuts
